 Dungeon Crawl Stone Soup version 0.29.0-7-g18a832c13a (console) character file.

Game seed: 8325375791057109990

5408 odiv the Fighter (level 10, -11/78 (83) HPs)
             Began as a Demonspawn Wanderer on Aug 30, 2022.
             Was an Elder of Ignis.
             Mangled by a gargoyle
             ... wielding a +0 morningstar
              (19 damage)
             ... on level 11 of the Dungeon.
             The game lasted 00:40:59 (12141 turns).

odiv the Fighter (Demonspawn Wanderer)             Turns: 12141, Time: 00:41:00

HP:   -11/78 (83)   AC: 11    Str: 19    XL:     10   Next: 40%
MP:   10/10         EV: 16    Int: 10    God:    Ignis [****..]
Gold: 437           SH: 11    Dex: 20    Spells: 9/9 levels left

rFire   + + +      SeeInvis .   o - +2 hand axe
rCold   + . .      Faith    .   H - +0 buckler
rNeg    . . .      Spirit   .   F - +1 ring mail of Classification {rF++ rC+ Will+}
rPois   .          Reflect  .   (helmet restricted)
rElec   .          Harm     .   c - +0 cloak
rCorr   .          Rampage  .   (no gloves)
Will    +....                   (no boots)
Stlth   ++........              (no amulet)
HPRegen 0.23/turn               l - +6 ring of strength
MPRegen 0.12/turn               (no ring)

@: hasted, drained, very quick
A: antennae 2, hooves 2, icemail 1, powered by death 1, condensation shield,
weakness stinger 1
a: Renounce Religion, Fiery Armour, Foxfire Swarm, Rising Flame


You were on level 11 of the Dungeon.
You worshipped Ignis.
Ignis was greatly pleased with you.
You visited 1 branch of the dungeon, and saw 11 of its levels.

You collected 598 gold pieces.
You spent 161 gold pieces at shops.

Inventory:

Hand Weapons
 a - a +2 short sword of draining
 b - a +2 sling of flaming
 f - a +1 dagger of flaming
 m - a +0 spear
 o - a +2 hand axe (weapon)
 K - a +4 dagger
Missiles
 p - 4 throwing nets
 t - 42 stones
 w - 17 poisoned darts (quivered)
 z - 7 curare-tipped darts
Armour
 c - a +0 cloak (worn)
 n - a +0 kite shield
 F - the +1 ring mail of Classification (worn) {rF++ rC+ Will+}
   (You found it on level 6 of the Dungeon)

   rF:        It greatly protects you from fire.
   rC:        It protects you from cold.
   Will:      It increases your willpower.
 H - a +0 buckler (worn)
Jewellery
 l - a +6 ring of strength (left hand)
 G - an amulet of faith
 I - a ring of ice
Wands
 e - a wand of charming (4)
 s - a wand of mindburst (13)
 D - a wand of flame (19)
 J - a wand of roots (11)
Scrolls
 h - a scroll of vulnerability {unknown}
 i - a scroll of blinking {unknown}
 j - 6 scrolls of fear
 q - 2 scrolls of teleportation
 r - 2 scrolls of poison
 v - a scroll of enchant armour {unknown}
 x - 3 scrolls of immolation
 y - a scroll of amnesia {unknown}
 A - 2 scrolls of fog
 B - a scroll of brand weapon {unknown}
 C - 2 scrolls of enchant weapon
Potions
 g - a potion of resistance
 k - a potion of cancellation {unknown}
 u - 3 potions of curing
 E - a potion of heal wounds


   Skills:
 - Level 9.0 Fighting
 - Level 1.7 Axes
 - Level 1.7 Staves
 + Level 8.9 Dodging
 - Level 2.7 Stealth
 + Level 7.7 Shields
 - Level 1.0 Evocations


You had 9 spell levels left.
You didn't know any spells.
Your spell library contained the following spells:

 Spells                   Type           Power      Damage    Failure   Level
 Shock                    Conj/Air       0%         1d3       63%         1
 Blink                    Tloc           0%         N/A       77%         2
 Poisonous Vapours        Pois/Air       0%         N/A       77%         2
 Frozen Ramparts          Ice            0%         1d1       94%         3
 Lesser Beckoning         Tloc           0%         N/A       94%         3
 Ozocubu's Armour         Ice            0%         N/A       94%         3
 Swiftness                Air            0%         N/A       94%         3
 Airstrike                Air            0%         2d(0-16)  100%        4
 Anguish                  Hex/Necr       0%         N/A       100%        4
 Animate Armour           Summ/Erth      0%         N/A       100%        4
 Corpse Rot               Necr/Pois/Air  0%         N/A       100%        4
 Ice Form                 Ice/Tmut       0%         N/A       100%        4
 Summon Ice Beast         Ice/Summ       0%         N/A       100%        4
 Manifold Assault         Tloc           0%         N/A       100%        5
 Enfeeble                 Hex            0%         N/A       100%        7
 Haunt                    Necr/Summ      0%         N/A       100%        7


Dungeon Overview and Level Annotations

Branches:
Dungeon (11/15)            Temple (0/1) D:6            Lair (0/5) D:11
    Orc: D:9-12

Altars:
Ashenzari
Kikubaaqudgha
Sif Muna
Wu Jian
Yredelemnul
Ignis

Shops:
D:6 (

Annotations:
D:4 Dowan, Duvessa, Menkaure
D:5 2 transporters, Renzlar's ghost, novice GnFi
D:8 2 transporters, 3 runed translucent doors, 12572944's ghost, novice HOFi
D:9 4 transporters
D:11 exclusion: door


Innate Abilities, Weirdness & Mutations

You have a pair of antennae on your head.
You have hoof-like feet.
A meltable icy envelope protects you from harm. (AC +4)
You regenerate a little health from kills.
A meltable shield of frost defends you. (SH +4)
You have a small tail.


Message History

The roots erupt in riotous growth!
Roots grab the gargoyle.
The grasping roots constrict the gargoyle.
You hear an angry hiss.
The gargoyle hurls a stone arrow at you.
You block the stone arrow.
You hit the gargoyle.
You kick the gargoyle, but do no damage.
You tail-slap the gargoyle, but do no damage.
The gargoyle is heavily damaged.
The grasping roots constrict the gargoyle.
The gargoyle hits you with a +0 morningstar!!
* * * LOW HITPOINT WARNING * * *
You hit the gargoyle but do no damage.
You kick the gargoyle, but do no damage.
The gargoyle is severely damaged.
The grasping roots constrict the gargoyle.
You hit the gargoyle but do no damage.
The gargoyle is severely damaged.
The grasping roots constrict the gargoyle.
The roots release their grip on the gargoyle.
The gargoyle hurls a stone arrow at you.
The stone arrow misses you.
You hit the gargoyle but do no damage.
The gargoyle is severely damaged.
The gargoyle hurls a stone arrow at you.
The stone arrow misses you.
You hit the gargoyle.
You kick the gargoyle, but do no damage.
You tail-slap the gargoyle, but do no damage.
The gargoyle is severely damaged.
You block the gargoyle's attack.
You barely miss the gargoyle. You kick the gargoyle.
You tail-slap the gargoyle, but do no damage.
The gargoyle is severely damaged.
The gargoyle closely misses you.
You hit the gargoyle but do no damage. Your kick misses the gargoyle.
The gargoyle is severely damaged.
The gargoyle hits you with a +0 morningstar!!
You die...

.#........#..##..#...##
.................#.....
#..........<..........
#......#....##.....###
#.........#.#......###
#.#..................
#.....#........######
#......#...#.#
##@9...###.#.# #####.#
##### ###


You could see a gargoyle.

Vanquished Creatures
  An unseen horror (D:10)
  A troll (D:10)
  A shadow (D:9)
  4 yaks (D:8)
  A steam dragon (D:7)
  6 vampire mosquitoes
  A water moccasin (D:8)
  4 orc warriors
  An ice beast (D:7)
  A sky beast (D:6)
  A centaur (D:8)
  A kobold brigand (D:8)
  Blork the orc (D:5)
  A necrophage (D:5)
  2 bullfrogs
  2 gnoll sergeants
  2 scorpions
  7 wights (D:10)
  9 killer bees
  4 howler monkeys
  8 orc priests
  5 hounds
  2 jellies
  A gnoll bouda (D:4)
  4 iguanas
  8 orc wizards
  18 gnolls
  3 adders
  3 shadow imps
  A white imp (D:7)
  A worm (D:5)
  A dart slug (D:1)
  29 orcs
  3 endoplasms
  4 giant cockroaches
  5 hobgoblins
  10 jackals
  4 quokkas
  6 ball pythons
  6 bats
  3 frilled lizards
  3 goblins
  7 kobolds
  4 rats
190 creatures vanquished.

Vanquished Creatures (others)
  5 foxfires (D:3)
  2 fungi (D:8)
  6 plants
  8 withered plants (D:1)
21 creatures vanquished.

Grand Total: 211 creatures vanquished

Notes
Turn   | Place    | Note
-------+----------+-------------------------------------------
     0 | D:1      | odiv the Demonspawn Wanderer began the quest for the Orb.
     0 | D:1      | odiv set off with the following items: a +2 hand axe, a +0
                  | quarterstaff, a +0 cloak, a potion of attraction, a +0
                  | leather armour.
     0 | D:1      | Reached XP level 1. HP: 16/16 MP: 1/1
   234 | D:1      | Discovered your monstrous ancestry.
   234 | D:1      | Gained mutation: You have a pair of small antennae on your
                  | head. [demonic ancestry]
   234 | D:1      | Reached XP level 2. HP: 18/23 MP: 2/2
   404 | D:1      | Reached skill level 3 in Fighting
   446 | D:1      | Found a faded altar of an unknown god.
   473 | D:1      | Prayed at the altar of an unknown god.
   473 | D:1      | Became a worshipper of Ignis, the Dying Flame
  1318 | D:2      | Reached XP level 3. HP: 29/29 MP: 3/3
  2326 | D:3      | Reached skill level 4 in Fighting
  2326 | D:3      | Reached skill level 1 in Dodging
  2326 | D:3      | Gained mutation: A meltable shield of frost defends you.
                  | (SH +4) [demonic ancestry]
  2326 | D:3      | Reached XP level 4. HP: 9/37 MP: 4/4
  3108 | D:4      | Noticed Menkaure
  3496 | D:4      | Gained mutation: A meltable icy envelope protects you from
                  | harm. (AC +4) [demonic ancestry]
  3496 | D:4      | Reached XP level 5. HP: 42/43 MP: 5/5
  3960 | D:4      | Noticed Dowan
  4015 | D:4      | Noticed Duvessa
  4179 | D:4      | Reached skill level 5 in Fighting
  4198 | D:3      | Gained mutation: You have large cloven feet. [demonic
                  | ancestry]
  4198 | D:3      | Reached XP level 6. HP: 17/51 MP: 6/6
  4601 | D:5      | Entered Level 5 of the Dungeon
  4955 | D:5      | Found a transporter.
  4955 | D:5      | Noticed Renzlar's ghost (novice GnFi)
  4959 | D:5      | Found a transporter.
  5272 | D:5      | Reached skill level 6 in Fighting
  5272 | D:5      | Gained mutation: You regenerate a little health from kills.
                  | [demonic ancestry]
  5272 | D:5      | Reached XP level 7. HP: 52/58 MP: 7/7
  5413 | D:6      | Noticed Blork the orc
  5425 | D:5      | Killed Blork the orc
  5523 | D:6      | Identified the +1 ring mail of Classification {rF++ rC+
                  | Will+}
  5582 | D:6      | Found a staircase to the Ecumenical Temple.
  5585 | D:6      | Got the Volume of Congealing Beckoning
  5604 | D:6      | Found a broken altar of Ashenzari.
  5737 | D:6      | Found Ziupt's Weapon Boutique.
  5770 | D:6      | Reached skill level 1 in Shields
  5775 | D:6      | Bought a +2 sling of flaming for 161 gold pieces
  6448 | D:6      | Gained mutation: You have a pair of antennae on your head.
                  | [demonic ancestry]
  6448 | D:6      | Reached XP level 8. HP: 54/65 MP: 8/8
  6799 | D:7      | Reached skill level 5 in Shields
  7009 | D:7      | Reached skill level 5 in Dodging
  7015 | D:7      | Reached skill level 7 in Fighting
  7394 | D:7      | Found a shimmering blue altar of Sif Muna.
  7738 | D:8      | Found an ancient bone altar of Kikubaaqudgha.
  7738 | D:8      | Found a transporter.
  7738 | D:8      | Noticed a centaur warrior
  7739 | D:8      | Found a basalt altar of Yredelemnul.
  7739 | D:8      | Noticed a purple ugly thing
  7868 | D:8      | Found an ornate altar of the Wu Jian Council.
  7898 | D:8      | Found a transporter.
  8114 | D:8      | Gained mutation: You have hoof-like feet. [demonic
                  | ancestry]
  8114 | D:8      | Reached XP level 9. HP: 62/74 MP: 9/9
  8129 | D:8      | Reached skill level 8 in Fighting
  8330 | D:8      | Found a runed translucent gate.
  8330 | D:8      | Found a runed translucent gate.
  8618 | D:8      | Found a runed translucent gate.
  8620 | D:8      | Noticed a kobold demonologist
  8620 | D:8      | Noticed 12572944's ghost (novice HOFi)
  8850 | D:9      | Found a transporter.
  9182 | D:9      | Found a transporter.
  9183 | D:9      | Found a transporter.
  9204 | D:9      | Found a transporter.
  9289 | D:9      | Reached skill level 9 in Fighting
 10484 | D:10     | Entered Level 10 of the Dungeon
 10548 | D:10     | Gained mutation: You have a small tail. [demonic ancestry]
 10548 | D:10     | Reached XP level 10. HP: 81/83 MP: 10/10
 10594 | D:9      | Upgraded the game from 0.29.0-5-ge4962eb29e to
                  | 0.29.0-7-g18a832c13a
 11880 | D:11     | Noticed a gargoyle
 12089 | D:11     | Found a staircase to the Lair.
 12089 | D:11     | Noticed an elephant
 12141 | D:11     | Mangled by a gargoyle

Illustrated notes

Levels and vault maps discovered:
D:1:      lightli_molten_gateway, layout_basic,
          shapermc_ecumenical_altar_flowoftime, minivault_11
D:2:      layout_basic, nrook_loot_triangle, item_on_display_a
D:3:      layout_basic
D:4:      minmay_octagon_keep, layout_gridville, uniq_menkaure, uniq_duvessa
D:5:      layout_loops_cross, gammafunk_ghost_mausoleum
D:6:      layout_gridville, nicolae_ashenzari_panopticon,
          minmay_temple_entry_offerings, serial_shops, shop,
          grunt_ministairs_10, uniq_blork_the_orc
D:7:      layout_basic, nicolae_sif_muna_little_library
D:8:      cheibrodos_quashed, layout_basic, gammafunk_temple_overflow_arena,
          gammafunk_ghost_nasty_kobolds
D:9:      layout_basic, nicolae_transporter_circle
D:10:     layout_rooms, nicolae_kite_square_tiling_tiny
D:11:     layout_basic, david_lair_generic, erik_orc_4,
          hangedman_parallel_progression, uniq_erica

Skill      XL: |  1  2  3  4  5  6  7  8  9 10 |
---------------+-------------------------------+-----
Fighting       | 3 4 5 6 7 9 |  9.0
Dodging        | 1 2 3 4 6 8 |  8.9
Shields        | 3 5 6 7 |  7.7
Axes           | |  1.7
Staves         | |  1.7
Stealth        | |  2.7
Evocations     | |  1.0

Action                   |  1- 3 |  4- 6 |  7- 9 | 10-12 || total
-------------------------+-------+-------+-------+-------++-------
Melee: Hand axe          |   107 |     3 |    34 |   109 ||   253
       Punch             |     1 |     2 |       |       ||     3
       Short sword       |    10 |   158 |   439 |    56 ||   663
       Kick              |       |    15 |    85 |    56 ||   156
       Tailslap          |       |       |       |    40 ||    40
 Fire: Sling             |       |       |    61 |    26 ||    87
Throw: Stone             |     5 |     1 |       |       ||     6
       Dart              |       |    13 |     2 |       ||    15
Invok: Foxfire Swarm     |     1 |       |       |       ||     1
       Fiery Armour      |     1 |       |       |       ||     1
Evoke: Wand              |       |     4 |     9 |     1 ||    14
  Use: Potion            |     2 |     2 |     3 |     4 ||    11
       Scroll            |       |     5 |     3 |     3 ||    11
 Stab: Sleeping          |    10 |     5 |     5 |       ||    20
       Distracted        |       |     1 |       |     1 ||     2
Armor: Leather armour    |    38 |    45 |       |       ||    83
       Skin              |     1 |    10 |       |       ||    11
       Ring mail         |       |       |   144 |    95 ||   239
Dodge: Dodged            |    52 |    90 |   233 |   108 ||   483
Block: Other             |       |    17 |     1 |       ||    18
       Buckler           |       |       |   213 |   100 ||   313
